 Dungeon Crawl Stone Soup version 0.19-a0-1899-g2d93087 (webtiles) character file.

1316 Kidiri the Magician (level 8, 0/44 HPs)
             Began as a Deep Elf Fire Elementalist on Oct 20, 2016.
             Shot with an arrow by a centaur (6 damage)
             ... on level 5 of the Dungeon.
             The game lasted 00:13:23 (5328 turns).

Kidiri the Magician (Deep Elf Fire Elementalist)    Turns: 5328, Time: 00:13:24

Health: 0/44       AC:  5    Str:  2 (5)  XL:     8   Next: 33%
Magic:  21/21      EV: 14    Int: 23 (25) God:
Gold:   257        SH:  0    Dex: 19 (20) Spells: 6 memorised, 4 levels left

rFire  . . .     SeeInvis .     v - +7 mace of Poverty {crush, Dex+3}
rCold  . . .     Gourm    .     y - +0 robe {rN+}
rNeg   + + .     Faith    .     a - +1 buckler {rN+}
rPois  .         Spirit   .     (helmet restricted)
rElec  .         Reflect  .     (no cloak)
rCorr  .         Harm     .     p - +0 pair of gloves
MR     .....                    (no boots)
Stlth  +.........               (no amulet)
                                (no ring)
                                s - +2 ring of intelligence

@: confused
A: antennae 1, icy blue scales 1, agile 1
a: no special abilities


You were on level 5 of the Dungeon.
You were very hungry.

You visited 1 branch of the dungeon, and saw 5 of its levels.

You collected 257 gold pieces.

Inventory:

Hand Weapons
 h - a +1 dagger
 v - the +7 mace of Poverty (weapon) {crush, Dex+3}
   (You found it on level 4 of the Dungeon)

   It inflicts extra damage upon your enemies.
   It affects your dexterity (+3).
Armour
 a - a +1 buckler of positive energy (worn)
 g - a +0 helmet
 p - a +0 pair of gloves (worn)
 y - a +0 robe of positive energy (worn)
Jewellery
 s - a +2 ring of intelligence (left hand)
Wands
 r - a wand of slowing (48/48)
Scrolls
 d - 4 scrolls of remove curse
Potions
 e - a potion of cancellation
 f - 3 potions of mutation
 m - a potion of agility
 n - a potion of degeneration
 o - a potion of ambrosia
 q - a potion of berserk rage {unknown}
 z - a potion of cure mutation {unknown}
Books
 b - a book of Flames

   Spells                             Type                      Level
   a - Flame Tongue                   Conjuration/Fire             1
   b - Throw Flame                    Conjuration/Fire             2
   c - Conjure Flame                  Conjuration/Fire             3
   d - Inner Flame                    Hexes/Fire                   3
   e - Sticky Flame                   Conjuration/Fire             4
   f - Fireball                       Conjuration/Fire             5
Comestibles
 c - 5 bread rations
 i - 2 meat rations
 j - 2 beef jerkies
 k - a slice of pizza
 l - 6 fruits


   Skills:
 + Level 1.9 Fighting
 + Level 1.9 Short Blades
 + Level 1.5 Armour
 + Level 3.6 Dodging
 - Level 2.4 Stealth
 + Level 1.9 Shields
 * Level 7.9 Spellcasting
 + Level 4.6 Conjurations
 + Level 5.5 Fire Magic
 + Level 2.4 Evocations


You had 4 spell levels left.
You knew the following spells:

 Your Spells              Type           Power        Failure   Level  Hunger
a - Flame Tongue          Conj/Fire      ####.        1%          1    None
b - Throw Flame           Conj/Fire      ####..       1%          2    None
c - Conjure Flame         Conj/Fire      ####....     3%          3    None
d - Inner Flame           Hex/Fire       ###.....     12%         3    None
e - Sticky Flame          Conj/Fire      ####....     12%         4    ###....
f - Fireball              Conj/Fire      ####......   30%         5    #####..


Dungeon Overview and Level Annotations

Branches:
Dungeon (5/15)
 Temple: D:4-7

Altars:
Cheibriados
Hepliaklqana
Kikubaaqudgha
Uskayaw
The Shining One

Shops:
D:4 (


Innate Abilities, Weirdness & Mutations

You have a pair of small antennae on your head.
You are partially covered in icy blue scales. (AC +2)
You are agile. (Dex +2)


Message History

The centaur shoots an arrow.
The arrow hits you!
* * * LOW HITPOINT WARNING * * *
You see here an arrow.
Unknown command.
It was a potion of mutation.
You feel extremely strange.
Icy blue scales grow over part of your body.
A pair of antennae grows on your head!
Your +0 helmet falls away!
You feel agile.
The centaur shoots an arrow.
The arrow hits you!
* * * LOW HITPOINT WARNING * * *
The centaur shoots an arrow.
The arrow barely misses you.
It was a potion of degeneration.
There was something very wrong with that liquid.
You feel weakened.
You feel dopey.
You feel clumsy.
The centaur shoots an arrow.
You block the arrow.
It was a potion of ambrosia.
You are confused.
You feel invigorated.
The centaur shoots an arrow.
The arrow hits you.
You die...

#.....# #.....###
#.......# .. .
########...###....
.........((.......
.........##...c...
........(.........
.#######(...##(...
########@...# ...
#......#....### #.
#....<.'........
#......#....###.
#......#....#
########....#
######


You could see a centaur.

Vanquished Creatures
  Sigmund (D:3)
  Edmund (D:4)
  Purgy (D:3)
  3 phantoms (D:4)
  2 ogres (D:4)
  2 scorpions (D:4)
  2 hounds
  2 orc priests
  Natasha (thrice) (D:2)
  An orc wizard (D:4)
  A worker ant (D:4)
  7 adders
  2 oozes (D:2)
  An adder skeleton (D:4)
  4 worms
  3 dart slugs
  A leopard gecko (D:1)
  16 orcs
  A giant cockroach (D:3)
  4 goblins
  6 hobgoblins
  6 jackals
  3 kobolds (D:1)
  4 quokkas
  3 ball pythons
  8 bats
  3 frilled lizards
  10 rats
101 creatures vanquished.

Vanquished Creatures (others)
  A human (D:3)
1 creature vanquished.

Grand Total: 102 creatures vanquished

Notes
Turn   | Place    | Note
-------+----------+-------------------------------------------
     0 | D:1      | Kidiri the Deep Elf Fire Elementalist began the quest for the Orb.
     0 | D:1      | Reached XP level 1. HP: 10/10 MP: 6/6
   422 | D:1      | Reached XP level 2. HP: 15/15 MP: 8/8
   426 | D:1      | Learned a level 2 spell: Throw Flame
  1551 | D:2      | Noticed Natasha
  1554 | D:2      | Killed Natasha
  1554 | D:2      | Reached skill level 4 in Spellcasting
  1554 | D:2      | Reached XP level 3. HP: 13/19 MP: 2/10
  1703 | D:2      | Learned a level 3 spell: Conjure Flame
  1707 | D:2      | Learned a level 3 spell: Inner Flame
  1927 | D:2      | Noticed Natasha
  1929 | D:2      | Killed Natasha
  1929 | D:2      | Reached XP level 4. HP: 24/24 MP: 6/12
  2083 | D:2      | Reached skill level 5 in Spellcasting
  2125 | D:2      | Noticed Natasha
  2131 | D:2      | Killed Natasha
  2131 | D:2      | Reached XP level 5. HP: 24/28 MP: 7/14
  2182 | D:2      | Learned a level 4 spell: Sticky Flame
  2939 | D:3      | Found a snail-covered altar of Cheibriados.
  3049 | D:3      | Noticed Sigmund
  3062 | D:3      | Killed Sigmund
  3062 | D:3      | Reached skill level 6 in Spellcasting
  3062 | D:3      | Reached XP level 6. HP: 32/32 MP: 7/17
  3296 | D:3      | Learned a level 5 spell: Fireball
  3664 | D:3      | Noticed Purgy
  3677 | D:3      | Killed Purgy
  3728 | D:3      | Found an ancient bone altar of Kikubaaqudgha.
  3729 | D:3      | Noticed a human
  3731 | D:3      | Killed a human
  3763 | D:3      | Reached skill level 1 in Evocations
  3763 | D:3      | Reached XP level 7. HP: 34/37 MP: 14/19
  3871 | D:3      | Found a glowing golden altar of the Shining One.
  3994 | D:4      | Reached skill level 1 in Fighting
  3994 | D:4      | Reached skill level 7 in Spellcasting
  4141 | D:4      | Reached skill level 1 in Shields
  4195 | D:4      | Reached skill level 1 in Short Blades
  4304 | D:4      | Reached skill level 5 in Fire Magic
  4361 | D:4      | Reached skill level 1 in Armour
  4363 | D:4      | Noticed Edmund
  4372 | D:4      | Killed Edmund
  4384 | D:4      | Found Gutiohina's Antique Weapon Boutique.
  4399 | D:4      | Reached XP level 8. HP: 43/43 MP: 0/21
  4608 | D:4      | Got a bone mace
  4609 | D:4      | Identified the +7 mace of Poverty {crush, Dex+3} (You found it on level 4 of the Dungeon)
  5023 | D:4      | Found a hazy altar of Hepliaklqana.
  5122 | D:4      | Found a hide-covered altar of Uskayaw.
  5302 | D:5      | Entered Level 5 of the Dungeon
  5326 | D:5      | Gained mutation: You are partially covered in icy blue scales. (AC +2) [potion of mutation]
  5326 | D:5      | Gained mutation: You have a pair of small antennae on your head. [potion of mutation]
  5326 | D:5      | Gained mutation: You are agile. (Dex +2) [potion of mutation]
  5326 | D:5      | HP: 2/44 [centaur/arrow (8)]
  5328 | D:5      | Shot with an arrow by a centaur

Vault maps used:
D:1:      minmay_arrival_three_doors, grunt_decor_cap,
          minmay_misc_feat_enclosed, minivault_25
D:2:      first_bread, bh_walls_and_bars, uniq_natasha
D:3:      tso_altar, cheibriados_altar_1, solitary_fountain, tgw_kikubaaqudgha,
          uniq_sigmund, uniq_purgy
D:4:      kennysheep_little_box, lemuel_crystal_altar, serial_shops, shop,
          uniq_edmund
D:5:      kennysheep_mini, marbit_many_paths, lemuel_doored_altar, tgw_sif,
          uniq_eustachio

Skill      XL: |  1  2  3  4  5  6  7  8 |
---------------+-------------------------+-----
Spellcasting   | 4 5 6 7 |  7.9
Conjurations   | 2 3 4 |  4.6
Fire Magic     | 4 5 |  5.5
Evocations     | 1 2 |  2.4
Fighting       | 1 |  1.9
Shields        | 1 |  1.9
Short Blades   | 1 |  1.9
Dodging        | 3 |  3.6
Armour         | 1 |  1.5
Stealth        | |  2.4

Action                   |  1- 3 |  4- 6 |  7- 9 || total
-------------------------+-------+-------+-------++-------
Melee: Dagger            |     8 |    19 |     5 ||    32
 Cast: Flame Tongue      |    35 |    63 |    73 ||   171
       Throw Flame       |    16 |    15 |    15 ||    46
       Sticky Flame      |       |     3 |     3 ||     6
       Conjure Flame     |       |     1 |     1 ||     2
       Inner Flame       |       |       |     1 ||     1
  Use: Scroll            |       |     8 |     2 ||    10
       Potion            |       |       |     3 ||     3
 Stab: Sleeping          |     1 |     3 |     2 ||     6
  Eat: Chunk             |     3 |     5 |     4 ||    12
       Fruit             |       |     1 |       ||     1
Armor: Robe              |     9 |     9 |     2 ||    20
Dodge: Dodged            |    28 |    41 |    26 ||    95
Block: Buckler           |       |       |     4 ||     4
